SR
BETHLEHEM ANGEL KITTIES @ QUEBEC CITY BABY BLUES
07/26/2042
 
TOP OF THE 1ST
Bethlehem Angel Kitties batting - Pitching for Quebec City Baby Blues : LHP Hyung-gook Chong
Pitching: LHP Hyung-gook Chong
Batting: LHB Tse-peng Yei 0-0: Called Strike
0-1: Ball
1-1: Ball
2-1: Ball
3-1: Ground out 1-3 (Groundball, 34S, EV 71.2 MPH)
Batting: RHB Robbie McClellan 0-0: Foul Ball, location: 2F
0-1: Swinging Strike
0-2: Ball
1-2: Ball
2-2: Foul Ball, location: 2F
2-2: Foul Ball, location: 2F
2-2: Strikes out looking
Batting: RHB Hwui-ning Chen 0-0: Ball
1-0: Called Strike
1-1: Fly out, F8 (Flyball, 8RD, EV 96.9 MPH)
Top of the 1st over - 0 runs, 0 hits, 0 errors, 0 left on base; Bethlehem 0 - Quebec City 0
BOTTOM OF THE 1ST
Quebec City Baby Blues batting - Pitching for Bethlehem Angel Kitties : RHP Gérard Pinault
Pitching: RHP Gérard Pinault
Batting: RHB António Orozco 0-0: Swinging Strike
0-1: Bunt for hit to P - play at first, batter safe!
Batting: RHB Marcus Pattinson 0-0: Ball
1-0: Grounds into double play, 5-4-3 (Groundball, 5L, EV 100.6 MPH)
Batting: SHB Ronald Dacanay 0-0: Ball
1-0: Ball
2-0: Ball
3-0: Called Strike
3-1: Foul Ball, location: 2F
3-2: Strikes out looking
Bottom of the 1st over - 0 runs, 1 hit, 0 errors, 0 left on base; Bethlehem 0 - Quebec City 0
TOP OF THE 2ND
Bethlehem Angel Kitties batting - Pitching for Quebec City Baby Blues : LHP Hyung-gook Chong
Batting: LHB Cam Nicholson 0-0: Ball
1-0: Ball
2-0: Fly out, F8 (Flyball, 8LM, EV 91.2 MPH)
Batting: RHB Martín Espinoza 0-0: Foul Ball, location: 2F
0-1: Swinging Strike
0-2: Strikes out swinging
Batting: RHB Kent Fowler 0-0: Called Strike
0-1: Ball
1-1: Ball
2-1: Foul Ball, location: 2F
2-2: Foul Ball, location: 2F
2-2: Foul Ball, location: 2F
2-2: Ball
3-2: Strikes out looking
Top of the 2nd over - 0 runs, 0 hits, 0 errors, 0 left on base; Bethlehem 0 - Quebec City 0
BOTTOM OF THE 2ND
Quebec City Baby Blues batting - Pitching for Bethlehem Angel Kitties : RHP Gérard Pinault
Batting: RHB Emílio Soto 0-0: Ball
1-0: Ball
2-0: Called Strike
2-1: Swinging Strike
2-2: Ground out U3 (Groundball, 3L, EV 84.4 MPH)
Batting: RHB Gregory Jones 0-0: Called Strike
0-1: Fly out, F6 (Popup, 6D, EV 46.9 MPH)
Batting: RHB Luc Leroux 0-0: Foul Ball, location: 2F
0-1: Fly out, F3 (Popup, 34, EV 73.1 MPH)
Bottom of the 2nd over - 0 runs, 0 hits, 0 errors, 0 left on base; Bethlehem 0 - Quebec City 0
TOP OF THE 3RD
Bethlehem Angel Kitties batting - Pitching for Quebec City Baby Blues : LHP Hyung-gook Chong
Batting: RHB Juan Oreta 0-0: Ground out U3 (Groundball, 3L, EV 84.4 MPH)
Batting: RHB Brody King 0-0: Ball
1-0: DOUBLE (Line Drive, 78XD, EV 100.0 MPH)
Batting: RHB Wyatt Shepherd 0-0: Ball
1-0: Called Strike
1-1: Called Strike
1-2: Strikes out swinging
Batting: LHB Tse-peng Yei 0-0: DOUBLE (Flyball, 9LM, EV 108.1 MPH)
Brody King scores
Batting: RHB Robbie McClellan 0-0: Ground out 6-3 (Groundball, 6, EV 85.6 MPH)
Top of the 3rd over - 1 run, 2 hits, 0 errors, 1 left on base; Bethlehem 1 - Quebec City 0
BOTTOM OF THE 3RD
Quebec City Baby Blues batting - Pitching for Bethlehem Angel Kitties : RHP Gérard Pinault
Batting: SHB Chet Davis 0-0: Called Strike
0-1: Foul Ball, location: 2F
0-2: Ball
1-2: Ball
2-2: SINGLE (Line Drive, 4MD, EV 105.6 MPH)
Batting: RHB Chris Sanders 0-0: Swinging Strike
0-1: Foul Ball, location: 2F
0-2: Ball
1-2: Ball
2-2: Reached on error, E4 (Groundball, 4, EV 101.9 MPH)
Chet Davis to second
Batting: LHB Ricardo Hernández 0-0: Fly out, F7 (Flyball, 7D, EV 95.0 MPH)
Runner from 2nd tags up, SAFE at 3rd, no throw by LF
Batting: RHB António Orozco 0-0: Foul Ball, location: 2F
0-1: Ball
1-1: Called Strike
1-2: Ball
2-2: SINGLE (Groundball, 5L, EV 98.8 MPH)
Chet Davis scores
Chris Sanders to second
Batting: RHB Marcus Pattinson 0-0: Called Strike
0-1: Ball
1-1: Ball
2-1: Fly out, F7 (Flyball, 78S, EV 85.6 MPH)
Batting: SHB Ronald Dacanay 0-0: Fly out, F6 (Popup, 6D, EV 52.5 MPH)
Bottom of the 3rd over - 1 run, 2 hits, 1 error, 2 left on base; Bethlehem 1 - Quebec City 1
TOP OF THE 4TH
Bethlehem Angel Kitties batting - Pitching for Quebec City Baby Blues : LHP Hyung-gook Chong
Batting: RHB Hwui-ning Chen 0-0: Swinging Strike
0-1: Foul Ball, location: 2F
0-2: Ball
1-2: Foul Ball, location: 2F
1-2: Ball
2-2: Strikes out looking
Batting: LHB Cam Nicholson 0-0: Called Strike
0-1: Foul Ball, location: 2F
0-2: Strikes out looking
Batting: RHB Martín Espinoza 0-0: Called Strike
0-1: Ball
1-1: Foul Ball, location: 2F
1-2: Ball
2-2: Foul Ball, location: 2F
2-2: Foul Ball, location: 2F
2-2: Strikes out looking
Top of the 4th over - 0 runs, 0 hits, 0 errors, 0 left on base; Bethlehem 1 - Quebec City 1
BOTTOM OF THE 4TH
Quebec City Baby Blues batting - Pitching for Bethlehem Angel Kitties : RHP Gérard Pinault
Batting: RHB Emílio Soto 0-0: Ball
1-0: Ball
2-0: Ground out 6-3 (Groundball, 6, EV 103.8 MPH)
Batting: RHB Gregory Jones 0-0: Ball
1-0: Ball
2-0: DOUBLE (Line Drive, 7LM, EV 106.9 MPH)
Batting: RHB Luc Leroux 0-0: Called Strike
0-1: Ball
1-1: SINGLE (Line Drive, 8RS, EV 103.8 MPH)
Gregory Jones to third
Batting: SHB Chet Davis 0-0: Ball
1-0: Ball
2-0: Ball
3-0: Base on Balls
Luc Leroux to second
Batting: RHB Chris Sanders 0-0: Called Strike
0-1: Called Strike
0-2: Ball
1-2: Strikes out looking
Batting: LHB Ricardo Hernández 0-0: Ball
1-0: Foul Ball, location: 2F
1-1: Ball
2-1: SINGLE (Groundball, 56D, EV 98.8 MPH)
Gregory Jones scores
Luc Leroux to third
Chet Davis to second
Runner from 3rd tries for Home, SAFE, no throw by LF
Batting: RHB António Orozco 0-0: Ball
1-0: Called Strike
1-1: Ball
2-1: Foul Ball, location: 2F
2-2: Strikes out swinging
Bottom of the 4th over - 2 runs, 3 hits, 0 errors, 2 left on base; Bethlehem 1 - Quebec City 3
TOP OF THE 5TH
Bethlehem Angel Kitties batting - Pitching for Quebec City Baby Blues : LHP Hyung-gook Chong
Batting: RHB Kent Fowler 0-0: Ball
1-0: Swinging Strike
1-1: Foul Ball, location: 2F
1-2: SINGLE (Flyball, 9S, EV 95.6 MPH)
Batting: RHB Juan Oreta 0-0: Sac Bunt to 3S - play at first, batter safe!
Kent Fowler to second
Batting: RHB Brody King 0-0: Ball
1-0: Bunted foul
1-1: Sac Bunt to 13S - play at first, batter OUT! 1-4
Kent Fowler to third
Juan Oreta to second
Pitching: RHP Hahn Hartwig
Batting: RHB Wyatt Shepherd 0-0: Ball
1-0: Ball
2-0: DOUBLE (Flyball, 8LXD, EV 102.5 MPH)
Kent Fowler scores
Juan Oreta scores
Batting: LHB Tse-peng Yei 0-0: Ball
1-0: Called Strike
1-1: Ground out 4-3 (Groundball, 4, EV 101.9 MPH)
Wyatt Shepherd to third
Batting: RHB Robbie McClellan 0-0: Called Strike
0-1: Foul Ball, location: 2F
0-2: Ground out 6-3 (Groundball, 6, EV 81.9 MPH)
Top of the 5th over - 2 runs, 3 hits, 0 errors, 1 left on base; Bethlehem 3 - Quebec City 3
BOTTOM OF THE 5TH
Quebec City Baby Blues batting - Pitching for Bethlehem Angel Kitties : RHP Gérard Pinault
Batting: RHB Marcus Pattinson 0-0: Ball
1-0: Fly out, F7 (Line Drive, 7D, EV 90.0 MPH)
Batting: SHB Ronald Dacanay 0-0: Fly out, F8 (Flyball, 78S, EV 98.1 MPH)
Batting: RHB Emílio Soto 0-0: Fly out, F4 (Popup, 3S, EV 80.0 MPH)
Bottom of the 5th over - 0 runs, 0 hits, 0 errors, 0 left on base; Bethlehem 3 - Quebec City 3
TOP OF THE 6TH
Bethlehem Angel Kitties batting - Pitching for Quebec City Baby Blues : RHP Hahn Hartwig
Batting: RHB Hwui-ning Chen 0-0: Called Strike
0-1: Ball
1-1: Ball
2-1: Called Strike
2-2: Strikes out swinging
Batting: LHB Cam Nicholson 0-0: Ball
1-0: Ball
2-0: Called Strike
2-1: Fly out, F7 (Flyball, 7LSF, EV 92.5 MPH)
Batting: RHB Martín Espinoza 0-0: Foul Ball, location: 2F
0-1: Ball
1-1: Ball
2-1: Ball
3-1: Called Strike
3-2: Strikes out swinging
Top of the 6th over - 0 runs, 0 hits, 0 errors, 0 left on base; Bethlehem 3 - Quebec City 3
BOTTOM OF THE 6TH
Quebec City Baby Blues batting - Pitching for Bethlehem Angel Kitties : RHP Gérard Pinault
Batting: RHB Gregory Jones 0-0: Ball
1-0: Ball
2-0: Called Strike
2-1: Ball
3-1: Foul Ball, location: 2F
3-2: Base on Balls
Batting: RHB Luc Leroux 0-0: SINGLE (Groundball, 34D, EV 108.1 MPH)
Gregory Jones to second
Runner from 2nd tries for 3rd, SAFE, throw by RF made to third
Batting: SHB Chet Davis 0-0: Ball
1-0: Called Strike
1-1: Fly out, F4 (Popup, 34D, EV 45.6 MPH)
Batting: RHB Chris Sanders 0-0: Ball
1-0: Ball
2-0: Ball
3-0: Base on Balls
Luc Leroux to second
Batting: LHB Ricardo Hernández 0-0: Ball
1-0: Ball
2-0: Foul Ball, location: 2F
2-1: Ball
3-1: Grounds into fielders choice 6-2 (Groundball, 56S, EV 85.0 MPH)
Luc Leroux to third
Chris Sanders to second
Batting: RHB António Orozco 0-0: Foul Ball, location: 2F
0-1: Fielders Choice at 2nd, 6-4 (Groundball, 6, EV 90.6 MPH)
Bottom of the 6th over - 0 runs, 1 hit, 0 errors, 3 left on base; Bethlehem 3 - Quebec City 3
TOP OF THE 7TH
Bethlehem Angel Kitties batting - Pitching for Quebec City Baby Blues : RHP Hahn Hartwig
Batting: RHB Kent Fowler 0-0: Called Strike
0-1: Foul Ball, location: 2F
0-2: Ball
1-2: Ball
2-2: Strikes out looking
Batting: RHB Juan Oreta 0-0: Called Strike
0-1: Ball
1-1: Swinging Strike
1-2: Ball
2-2: Strikes out swinging
Batting: RHB Brody King 0-0: Ball
1-0: Foul Ball, location: 2F
1-1: Ball
2-1: Called Strike
2-2: Ball
3-2: Strikes out swinging
Top of the 7th over - 0 runs, 0 hits, 0 errors, 0 left on base; Bethlehem 3 - Quebec City 3
BOTTOM OF THE 7TH
Quebec City Baby Blues batting - Pitching for Bethlehem Angel Kitties : RHP Gérard Pinault
Batting: RHB Marcus Pattinson 0-0: Ball
1-0: Fly out, F5 (Popup, 56S, EV 81.2 MPH)
Batting: SHB Ronald Dacanay 0-0: Called Strike
0-1: Foul Ball, location: 2F
0-2: Ball
1-2: Ball
2-2: Fly out, F8 (Flyball, 78S, EV 90.6 MPH)
Batting: RHB Emílio Soto 0-0: Ball
1-0: Ball
2-0: Ball
3-0: Called Strike
3-1: SINGLE (Groundball, 34D, EV 95.0 MPH)
Pitching: LHP Shao-qi Yeh
Batting: RHB Gregory Jones 0-0: Foul Ball, location: 2F
0-1: Foul Ball, location: 2F
0-2: Strikes out swinging
Bottom of the 7th over - 0 runs, 1 hit, 0 errors, 1 left on base; Bethlehem 3 - Quebec City 3
TOP OF THE 8TH
Bethlehem Angel Kitties batting - Pitching for Quebec City Baby Blues : RHP Hahn Hartwig
Batting: RHB Wyatt Shepherd 0-0: Called Strike
0-1: Foul Ball, location: 2F
0-2: Ball
1-2: Foul Ball, location: 2F
1-2: Strikes out looking
Batting: LHB Tse-peng Yei 0-0: Fly out, F7 (Flyball, 78D, EV 98.1 MPH)
Batting: RHB Robbie McClellan 0-0: Ground out 5-3 (Groundball, 5, EV 100.0 MPH)
Top of the 8th over - 0 runs, 0 hits, 0 errors, 0 left on base; Bethlehem 3 - Quebec City 3
BOTTOM OF THE 8TH
Quebec City Baby Blues batting - Pitching for Bethlehem Angel Kitties : LHP Shao-qi Yeh
Batting: RHB Luc Leroux 0-0: Ball
1-0: Called Strike
1-1: SINGLE (Line Drive, 8LS, EV 86.9 MPH)
Batting: SHB Chet Davis 0-0: Called Strike
0-1: Ball
1-1: Swinging Strike
1-2: DOUBLE (Line Drive, 7LS, EV 105.6 MPH)
Luc Leroux to third
Runner from 3rd tries for Home, SAFE, throw by LF to trailing runner, OUT at third! 7-6-5
Batting: RHB Chris Sanders 0-0: Called Strike
0-1: Ball
1-1: Foul Ball, location: 2F
1-2: Ball
2-2: Ground out 6-3 (Groundball, 6, EV 100.6 MPH)
Batting: LHB Ricardo Hernández 0-0: Ball
1-0: Ball
2-0: Foul Ball, location: 2F
2-1: Foul Ball, location: 2F
2-2: SINGLE (Line Drive, 34D, EV 98.1 MPH)
Batting: RHB António Orozco 0-0: Ground out 6-3 (Groundball, 6S, EV 86.2 MPH)
Bottom of the 8th over - 1 run, 3 hits, 0 errors, 1 left on base; Bethlehem 3 - Quebec City 4
TOP OF THE 9TH
Bethlehem Angel Kitties batting - Pitching for Quebec City Baby Blues : RHP Hahn Hartwig
Pitching: RHP William Pettersen
Batting: RHB Hwui-ning Chen 0-0: Fly out, F8 (Flyball, 89S, EV 97.5 MPH)
Batting: LHB Cam Nicholson 0-0: Ball
1-0: Ball
2-0: Fly out, F8 (Flyball, 8LM, EV 91.2 MPH)
Pinch Hitting: RHB Dieter de Jong 0-0: Called Strike
0-1: Foul Ball, location: 2F
0-2: DOUBLE (Flyball, 8RXD, EV 104.4 MPH)
Pinch Hitting: RHB Christian L'Écuyer 0-0: Ball
1-0: Foul Ball, location: 2F
1-1: Ball
2-1: Foul Ball, location: 2F
2-2: Foul Ball, location: 2F
2-2: SINGLE (Groundball, 6S, EV 67.5 MPH) (infield hit)
Dieter de Jong to third
Pinch Hitting: SHB Toshiaki Watanabe 0-0: Ball
1-0: Called Strike
1-1: Ball
2-1: Swinging Strike
2-2: Strikes out swinging
Top of the 9th over - 0 runs, 2 hits, 0 errors, 2 left on base; Bethlehem 3 - Quebec City 4
Friday, March 26th, 2021 - OOTP Baseball 20.8 Build 74